 Dungeon Crawl Stone Soup version 0.28-a0-683-ga8797d1ae1 (webtiles) character file.

Game seed: 14720954823929374694

54 KoroneIsBestGirl the Chiller (level 3, 0/24 HPs)
             Began as a Barachi Ice Elementalist on Oct 19, 2021.
             Was a Believer of Lugonu.
             Slain by a worm (11 damage)
             ... on level 2 of the Dungeon.
             The game lasted 00:01:46 (1478 turns).

KoroneIsBestGirl the Chiller (BaIE)                 Turns: 1478, Time: 00:01:48

Health: 0/24       AC:  2    Str:  9    XL:     3   Next: 91%
Magic:  3/7        EV: 12    Int: 16    God:    Lugonu [**....]
Gold:   40         SH:  0    Dex: 12    Spells: 7/8 levels left

rFire   . . .      SeeInvis .   (no weapon)
rCold   . . .      Faith    .   (no shield)
rNeg    . . .      Spirit   .   a - +0 robe
rPois   .          Reflect  .   (no helmet)
rElec   .          Harm     .   (no cloak)
rCorr   .          Rampage  .   (no gloves)
Will    .....                   (no boots)
Stlth   ++........              (no amulet)
HPRegen 0.08/turn               (no ring)
MPRegen 0.10/turn               (no ring)

@: slow
A: amphibious, slowness 1, strong legs 1, +LOS
a: Hop, Renounce Religion, Depart the Abyss, Bend Space


You were on level 2 of the Dungeon.
You worshipped Lugonu.
Lugonu was pleased with you.
You visited 1 branch of the dungeon, and saw 2 of its levels.

You collected 40 gold pieces.

Inventory:

Armour
 a - a +0 robe (worn)
Scrolls
 b - a scroll of blinking {unknown}
 f - a scroll of immolation {unknown}
Potions
 c - 2 potions of magic {unknown}
 d - a potion of heal wounds {unknown}
 e - a potion of degeneration {unknown}


   Skills:
 + Level 2.8 Dodging
 - Level 1.9 Stealth
 + Level 3.0 Spellcasting
 + Level 5.5 Ice Magic


You had 7 spell levels left.
You knew the following spells:

 Your Spells              Type           Power      Damage    Failure   Level
a - Freeze                Ice            80%        1d9       1%          1

Your spell library contained the following spells:

 Spells                   Type           Power      Damage    Failure   Level
 Frozen Ramparts          Ice            40%        1d6       6%          3
 Ozocubu's Armour         Ice            20%        N/A       6%          3
 Hailstorm                Conj/Ice       11%        3d5       52%         4


Dungeon Overview and Level Annotations

Branches:
Dungeon (2/15)

Altars:
Lugonu


Innate Abilities, Weirdness & Mutations

You are amphibious.
You cover ground slowly.
You can hop short distances.
You have an extended range of vision and can be seen from far away.


Message History

The endoplasm quivers.
You freeze the worm!
The worm is heavily wounded.
The worm barely misses you.
You freeze the worm.
The worm is heavily wounded.
You freeze the worm.
The worm is severely wounded.
The worm bites you. The endoplasm freezes you.
You are frozen.
You freeze the worm.
The worm is almost dead.
The endoplasm freezes you.
You are frozen.
The worm barely misses you.
You are too injured to fight recklessly!
You are too injured to fight recklessly!
You are too injured to fight recklessly!
You are too injured to fight recklessly!
The endoplasm closely misses you. The endoplasm misses you.
The endoplasm freezes you.
You are frozen.
Casting: Freeze (safe; 1% risk of failure)
Confirm with . or Enter, or press ? or * to list all spells.
Aiming: Freeze (safe; 1% risk of failure)
Press: ? - help, Shift-Dir - straight line, f - endoplasm, p - worm
Aim: an endoplasm You freeze the endoplasm!
You kill the endoplasm!
Lugonu accepts your kill.
Casting: Freeze (safe; 1% risk of failure)
Confirm with . or Enter, or press ? or * to list all spells.
Aiming: Freeze (safe; 1% risk of failure)
Press: ? - help, Shift-Dir - straight line, f - worm
Aim: a worm (lightly wounded)
You freeze the worm!
The worm is heavily wounded.
The worm bites you!
You die...

#.....#
#.##.######.#
#...........#
#.##.#############
# #.............#
#.###########.#
#.# #.# #w# #.#
#@# #.# #.# #.####
#.# #.##.. #.#
#.##.# #.# #.##.#
#.# #.##.# ..#
#.##.# ..# #.....
..# #..#..


You could see a worm.

Vanquished Creatures
  A gnoll (D:1)
  5 ball pythons (D:1)
  4 endoplasms
  4 giant cockroaches (D:1)
  2 goblins (D:1)
  3 hobgoblins (D:1)
  6 jackals (D:1)
  2 quokkas (D:1)
  4 bats (D:1)
  2 kobolds (D:1)
  4 rats
37 creatures vanquished.

Notes
Turn   | Place    | Note
-------+----------+-------------------------------------------
     0 | D:1      | KoroneIsBestGirl the Barachi Ice Elementalist began the
                  | quest for the Orb.
     0 | D:1      | Reached XP level 1. HP: 13/13 MP: 3/3
   125 | D:1      | Reached skill level 5 in Ice Magic
   298 | D:1      | Reached XP level 2. HP: 19/19 MP: 0/5
   407 | D:1      | Found a faded altar of an unknown god.
   512 | D:1      | Prayed at the altar of an unknown god.
   512 | D:1      | Became a worshipper of Lugonu the Unformed
   512 | D:1      | Reached * piety under Lugonu
   512 | D:1      | Reached ** piety under Lugonu
   715 | D:1      | Reached XP level 3. HP: 24/24 MP: 5/7
  1478 | D:2      | Slain by a worm

Illustrated notes

Levels and vault maps discovered:
D:1:      dpeg_arrival_solitude, layout_loops_ring,
          ebering_ecumenical_altar_abandoned, chequers_mini_garden,
          minmay_tiny_reverse_x
D:2:      layout_basic, basic_altar

Skill      XL: |  1  2  3 |
---------------+----------+-----
Ice Magic      | 5 |  5.5
Spellcasting   | 3 |  3.0
Dodging        | |  2.8
Stealth        | |  1.9

Action                   || total
-------------------------++-------
Melee: Unarmed           ||    31
 Cast: Freeze            ||    58
Armor: Robe              ||    18
Dodge: Dodged            ||    74

Table legend: (Time is in decaauts)
 A = Elapsed time spent in this place.
 B = Non-inter-level travel time spent in this place.
 C = Inter-level travel time spent in this place.
 D = Time resting spent in this place.
 E = Time spent auto-exploring this place.
 F = Levels seen in this place.
 G = Mean time per level.
                   A        B        C        D        E       F      G
               +--------+--------+--------+--------+--------+-----+--------+
         Total |   1608 |   1542 |     66 |      0 |   1279 |   2 |  804.0 |
       Dungeon |   1608 |   1542 |     66 |      0 |   1279 |   2 |  804.0 |
               +--------+--------+--------+--------+--------+-----+--------+

Top non-repeatable levels by time:
     D:1: 1359 daAuts
     D:2: 248 daAuts
